 Dungeon Crawl Stone Soup version 0.18-a0-1774-gce1f7b6 (webtiles) character file.

137279 Moloch the Fencer (level 16, -1/132 HPs)
             Began as a Mottled Draconian Berserker on Apr 15, 2016.
             Was a High Priest of Trog.
             Collided with a black mamba (13 damage)
             ... caused by a naga ritualist
             ... on level 6 of the Lair of Beasts.
             The game lasted 02:03:58 (36167 turns).

Moloch the Fencer (Mottled Draconian Berserker)    Turns: 36167, Time: 02:03:59

Health: -1/132     AC: 12    Str: 18    XL:     16   Next: 68%
Magic:  14/14      EV: 26    Int:  9    God:    Trog [*****.]
Gold:   1777       SH:  9    Dex: 20    Spells: 0 memorised, 15 levels left

rFire  . . .     SeeInvis .     V - +7 double sword (freeze)
rCold  + . .     Gourm    .     (armour unavailable)
rNeg   . . .     Faith    .     a - +3 warlock's mirror {reflect}
rPois  +         Spirit   .     y - +0 hat
rElec  +         Dismiss  .     (no cloak)
rCorr  .         Reflect  +     J - +1 pair of gloves
SustAt .         Harm     .     n - +0 pair of boots
MR     +....                    B - amulet of regeneration
Stlth  +++.......               H - ring of Ricsyret {*Contam rPois Str-2 Dex+4 Stlth+}
                                i - ring of protection from cold

@: lethally poisoned (-1 -> -11), exhausted, slowed, very slow, somewhat
resistant to hostile enchantments, fairly stealthy
A: breathe sticky flame splash, unfitting armour, antennae 1, claws 1, agile 1,
frail 1, low mp 1, screaming 1, electricity resistance, weak 1, evolution 1, no
device heal 1, cold-blooded, MP-powered wands, AC +9
a: Breathe Sticky Flame, Berserk, Trog's Hand, Brothers in Arms, Burn
Spellbooks, Renounce Religion


You were on level 6 of the Lair of Beasts.
You worshipped Trog.
Trog was extremely pleased with you.
You were hungry.

You visited 6 branches of the dungeon, and saw 28 of its levels.
You also visited: Labyrinth.

You collected 2233 gold pieces.
You spent 456 gold pieces at shops.

Inventory:

Hand Weapons
 M - a +2 scimitar of flaming
 U - the +10 triple sword of Valiance {flame, rN+ Int-3 Dex+2}
   (Trog gifted it to you on level 2 of the Orcish Mines)

   It has been specially enchanted to burn those struck by it, causing extra
   injury to most foes and up to half again as much damage against particularly
   susceptible opponents.
   Big, fiery blades are also staple armaments of hydra-hunters.
   It affects your intelligence (-3).
   It affects your dexterity (+2).
   It protects you from negative energy.
 V - a +7 double sword of freezing (weapon)
 X - a +5 antimagic triple sword
Missiles
 F - 6 javelins of penetration (quivered)
 R - 7 javelins
Armour
 a - the +3 warlock's mirror (worn) {reflect}
   (You bought it in a shop on level 2 of the Orcish Mines)
 n - a +0 pair of boots (worn)
 y - a +0 hat (worn)
 J - a +1 pair of gloves (worn)
Jewellery
 i - a ring of protection from cold (left hand)
 l - an uncursed ring of positive energy
 t - an uncursed ring of resist corrosion
 x - an uncursed ring of sustain attributes
 B - an amulet of regeneration (around neck)
 G - an uncursed ring of flight
 H - the ring of Ricsyret (right hand) {*Contam rPois Str-2 Dex+4 Stlth+}
   (You found it in a labyrinth)

   [ring of strength]

   It affects your strength (-2).
   It affects your dexterity (+4).
   It protects you from poison.
   It causes magical contamination when unequipped.
   It makes you more stealthy.
Wands
 c - a wand of hasting (8/9)
 w - a wand of hasting (7/9)
 K - a wand of lightning (7/15)
 L - a wand of disintegration (10/24)
 Q - a wand of digging (10/24)
Scrolls
 f - 10 scrolls of remove curse
 g - 3 scrolls of identify
 h - 5 scrolls of magic mapping
 m - 4 scrolls of fear
 r - 11 scrolls of teleportation
 s - 3 scrolls of recharging
 A - a scroll of fog
 I - 2 scrolls of enchant armour
 Z - 4 scrolls of blinking
Potions
 e - 2 potions of agility
 j - 2 potions of cancellation
 o - a potion of resistance
 p - 7 potions of curing
 q - 3 potions of ambrosia
 u - 2 potions of heal wounds
 v - 3 potions of invisibility
 z - 4 potions of flight
 C - 2 potions of magic
 D - a potion of berserk rage
 N - a potion of haste
 P - 4 potions of might
 T - a potion of beneficial mutation
 W - 2 potions of brilliance
Comestibles
 b - 8 bread rations
 d - 41 fruits
 k - 13 meat rations
 E - 4 beef jerkies
 O - 9 chunks of flesh


   Skills:
 + Level 14.5 Fighting
 + Level 20.2 Long Blades
 * Level 15.0 Dodging
 - Level 4.5 Shields


You had 15 spell levels left.
You didn't know any spells.

Dungeon Overview and Level Annotations

Branches:
Dungeon (15/15)            Temple (1/1) D:7            Lair (8/8) D:8
 Shoals (1/4) Lair:6        Snake (1/4) Lair:6        Slime (0/6) Lair:7
    Orc (2/2) D:12            Elf (0/3) Orc:2        Vaults (0/5) D:14
 Depths (0/5) D:15

Altars:
Ashenzari
Cheibriados
Dithmenos
Elyvilon
Fedhas
Gozag
Kikubaaqudgha
Makhleb
Nemelex Xobeh
Okawaru
Pakellas
Qazlal
Ru
Sif Muna
Trog
Vehumet
Xom
Yredelemnul
Zin
The Shining One
Beogh
Jiyva

Shops:
D:6 %   D:11 [   D:13 [   Orc:2 *[[!

Portals:
Trove: D:11 (give horn of Geryon)


Innate Abilities, Weirdness & Mutations

You can spit globs of burning liquid.
You can ignite nearby creatures when you spit burning liquid.
Your weird mottled scales are hard (AC +9).
Your body does not fit into most forms of armour.
You are cold-blooded and may be slowed by cold attacks.
You have a pair of small antennae on your head.
You have sharp fingernails.
You are agile. (Dex +2)
You are frail (-10% HP).
Your magical capacity is low (-10% MP).
You occasionally shout uncontrollably at your foes.
You are resistant to electric shocks.
You are weak. (Str -2)
You evolve.
Potions and wands are less effective at restoring your health.
You expend magic power (3 MP) to strengthen your wands.


Message History

You climb upwards.
Welcome back to the Lair of Beasts!
You feel very sick.
There is a staircase to the Snake Pit here.
Unknown command.
Unknown command.
You slash the naga ritualist! You freeze the naga ritualist.
The naga ritualist is moderately wounded.
You feel sick. The black mamba closely misses you.
The naga ritualist completely misses you.
You block the naga ritualist's attack. The black mamba bites you!
You barely miss the naga ritualist.
The naga ritualist is moderately wounded.
You feel very sick. The black mamba bites you!
The naga ritualist points at you and mumbles some strange words.
The lance of force hits you!
* * * LOW HITPOINT WARNING * * *
You are knocked back by the lance of force.
You collide with the black mamba!
You die...

......######....# ##.......P....
......# #...## #.............
......# ##...####....#........
......## ##...#.P..####.......
.......# ##...##...###........
.......######...####...###......P
..........#.#.....##..#.P.......#
÷.....P.........S.##...........##
......#...##P..P@.....##.P......#
...P.#######.P..NP..######P....#.
÷.....# ##.......# #....P..
..##..# #.P.#....## ##......
÷÷...P# ###...#..P..# #.......
......# #....P###...# #.......
..##..# ##...## #...# #.......
.#....# #.....# #...# #.......
####..# ##....## #..## ###....#


You could see a naga ritualist and a black mamba.

Vanquished Creatures
  Gastronok (Lair:3)
  A sphinx (D:13)
  A shadow dragon (D:13)
  2 tengu reavers (D:12)
  An orc warlord (Orc:2)
  The ghost of kak the Grappler, a journeyman TrMo of Cheibriados (Lair:5)
  A dire elephant (D:15)
  A minotaur (Lab)
  An ettin (D:13)
  A great orb of eyes (D:15)
  Fannar (Orc:1)
  A naga warrior (Snake:1)
  3 anacondas (Snake:1)
  9 hydras
  Erica (D:9)
  An ogre mage (D:15)
  5 centaur warriors
  2 dancing weapons (D:14)
  Urug (Lair:4)
  A queen ant (Lair:1)
  A tengu warrior (D:15)
  5 orc high priests (Orc:2)
  A deep troll earth mage (D:13)
  Sonja (D:10)
  A naga sharpshooter (Lair:6)
  A shock serpent (Snake:1)
  5 unseen horrors
  A naga ritualist (Snake:1)
  The ghost of WereVolvo the Destroyer, a novice HECj of Vehumet (D:8)
  A hill giant (D:13)
  4 mana vipers
  5 orc knights
  5 orc sorcerers
  A necromancer (Lair:3)
  5 griffons
  An oklob plant (Lair:8)
  4 ugly things
  A wolf spider zombie (D:14)
  6 manticores
  A salamander (Snake:1)
  7 slime creatures
  3 cyclopes
  6 elephants (Lair:2)
  7 centaur zombies
  18 black mambas
  The ghost of Shenda the Shield-Bearer, a novice MiFi of Okawaru (D:5)
  A torpor snail (Lair:5)
  Joseph (D:9)
  A gargoyle (D:10)
  A naga mage (Lair:6)
  Psyche (D:9)
  19 spiny frogs
  An efreet (D:14)
  9 rime drakes
  9 komodo dragons
  2 tengu conjurers
  7 trolls
  A merfolk (Shoals:1)
  4 polar bears (Lair:2)
  A boulder beetle (Lair:8)
  8 two-headed ogres
  26 blink frogs
  A vampire (D:12)
  A wraith (D:14)
  A shadow (D:11)
  24 hippogriffs
  14 wyverns
  The ghost of GrandHerb the Shooter, an amateur CeHu of Qazlal (D:4)
  A hill giant zombie (D:12)
  6 vampire mosquitoes (Lair:8)
  66 yaks
  14 basilisks
  Eustachio (D:5)
  2 hungry ghosts
  A mottled dragon (D:11)
  A steam dragon (D:12)
  10 soldier ants (Lair:1)
  2 wargs (Orc:2)
  5 nagas (Snake:1)
  21 water moccasins
  12 porcupines
  A hell hound (Lair:7)
  48 orc warriors
  7 phantoms
  9 black bears
  An ice beast (D:11)
  4 sky beasts
  8 necrophages
  24 ogres
  34 wolves
  25 centaurs
  14 crocodiles
  2 big kobolds
  31 giant frogs
  A wyvern zombie (D:13)
  4 scorpions
  11 killer bees
  13 wights
  4 electric eels (Lair:8)
  7 howler monkeys
  8 crimson imps
  3 giant frog zombies
  4 jellies
  39 orc priests
  7 hounds
  3 giant frog skeletons
  A centaur skeleton (D:11)
  21 orc wizards
  10 iguanas
  Natasha (thrice) (D:2)
  39 worker ants
  7 hell rats
  4 wolf simulacra (Lair:3)
  5 yak simulacra (Lair:3)
  11 sheep
  7 ogre zombies (D:12)
  A hound skeleton (D:5)
  4 worker ant zombies
  A gnoll (Orc:2)
  2 howler monkey skeletons
  22 adders
  60 river rats
  3 shadow imps
  An adder zombie (D:8)
  3 worms
  3 dart slugs
  10 giant geckos
  138 orcs
  3 ball pythons
  11 giant cockroaches
  10 goblins
  6 hobgoblins
  A jackal (D:5)
  6 quokkas
  5 bats
  A giant cockroach zombie (D:5)
  5 giant newts
  A goblin skeleton (D:12)
  A goblin zombie (D:12)
  5 hobgoblin zombies (D:12)
  12 kobolds
  2 orc skeletons (D:12)
  16 orc zombies (D:12)
  A quokka skeleton (D:4)
  10 rats
  2 river rat simulacra (Lair:3)
  2 bushes
1173 creatures vanquished.

Vanquished Creatures (collateral kills)
  An acid blob (Lair:7)
  Snorg (Lair:3)
  A spiny frog (Lair:8)
  2 blink frogs (Lair:8)
  A wyvern (Lair:7)
  A yak (Lair:8)
  A hungry ghost (D:8)
  A gnoll sergeant (D:6)
  2 orc wizards (D:8)
  5 gnolls (D:6)
  A giant gecko (D:6)
  2 orcs (D:8)
19 creatures vanquished.

Vanquished Creatures (others)
  Nessos (D:15)
  A vampire (D:12)
  A naga (Snake:1)
  A quokka (D:4)
  A giant newt (D:4)
  2 bushes
  47 fungi
  29 plants
83 creatures vanquished.

Grand Total: 1275 creatures vanquished

Notes
Turn   | Place    | Note
--------------------------------------------------------------
     0 | D:1      | Moloch the Draconian Berserker began the quest for the Orb.
     0 | D:1      | Reached XP level 1. HP: 19/19 MP: 1/1
   156 | D:1      | Reached XP level 2. HP: 26/26 MP: 2/2
   265 | D:1      | Reached skill level 4 in Long Blades
   465 | D:2      | Reached XP level 3. HP: 22/31 MP: 3/3
   511 | D:2      | Reached ** piety under Trog
   700 | D:2      | Found a stormy altar of Qazlal.
   960 | D:2      | Found a glowing golden altar of the Shining One.
  1119 | D:2      | Noticed Natasha
  1154 | D:2      | Killed Natasha
  1154 | D:2      | Reached skill level 5 in Long Blades
  1154 | D:2      | Reached XP level 4. HP: 20/38 MP: 4/4
  1721 | D:2      | Noticed Natasha
  1733 | D:2      | Killed Natasha
  1761 | D:2      | Noticed Natasha
  1785 | D:2      | Killed Natasha
  1785 | D:2      | Reached XP level 5. HP: 45/45 MP: 5/5
  1880 | D:3      | Found a faded altar to an unknown god.
  1925 | D:3      | Found a snail-covered altar of Cheibriados.
  2192 | D:3      | Reached skill level 6 in Long Blades
  2434 | D:3      | Reached *** piety under Trog
  2445 | D:3      | Found a blossoming altar of Fedhas.
  2863 | D:4      | Reached XP level 6. HP: 46/51 MP: 6/6
  2926 | D:4      | Reached skill level 7 in Long Blades
  2936 | D:4      | Noticed GrandHerb's ghost (amateur CeHu)
  3254 | D:4      | Killed GrandHerb's ghost
  3254 | D:4      | Reached skill level 8 in Long Blades
  3309 | D:4      | Your scales start taking on a weird mottled colour.
  3309 | D:4      | Reached XP level 7. HP: 57/57 MP: 7/7
  3479 | D:4      | Reached **** piety under Trog
  3524 | D:4      | Reached skill level 9 in Long Blades
  3610 | D:4      | Found a sparkling altar of Nemelex Xobeh.
  3610 | D:4      | Found an opulent altar of Gozag.
  3739 | D:4      | Found a white marble altar of Elyvilon.
  3850 | D:5      | Entered Level 5 of the Dungeon
  3850 | D:5      | Noticed Shenda's ghost (novice MiFi)
  3872 | D:4      | Reached XP level 8. HP: 41/63 MP: 8/8
  3988 | D:5      | Killed Shenda's ghost
  3988 | D:5      | Reached skill level 10 in Long Blades
  4202 | D:5      | Reached skill level 11 in Long Blades
  4324 | D:5      | Found a sacrificial altar of Ru.
  4372 | D:5      | Found a shimmering altar of Xom.
  4380 | D:5      | Noticed Eustachio
  4913 | D:5      | Killed Eustachio
  5338 | D:5      | Reached XP level 9. HP: 43/71 MP: 9/9
  5482 | D:6      | Found a bloodstained altar of Trog.
  5507 | D:6      | Found Kuhagrat's Food Shop.
  5558 | D:6      | Reached skill level 12 in Long Blades
  6019 | D:6      | You fall through a shaft!
  6110 | D:7      | Reached skill level 5 in Fighting
  6188 | D:7      | Reached ***** piety under Trog
  6518 | D:7      | Reached skill level 13 in Long Blades
  6693 | D:7      | Found a staircase to the Ecumenical Temple.
  6710 | Temple   | Entered the Ecumenical Temple
  7190 | D:8      | Noticed WereVolvo's ghost (novice HECj)
  7201 | D:8      | Killed WereVolvo's ghost
  7201 | D:8      | Reached XP level 10. HP: 84/84 MP: 10/10
  7402 | D:8      | Found a staircase to the Lair.
  7987 | D:8      | Gained mutation: You are weak. (Str -2) [mutagenic meat]
  7988 | D:8      | Gained mutation: You evolve. [mutagenic meat]
  7989 | D:8      | Gained mutation: Your magical capacity is low (-10% MP). [mutagenic meat]
  7990 | D:8      | Gained mutation: You expend magic power (3 MP) to strengthen your wands. [mutagenic meat]
  7991 | D:8      | Gained mutation: You have a pair of small antennae on your head. [mutagenic meat]
  8250 | D:8      | Gained mutation: You occasionally shout uncontrollably at your foes. [evolution]
  8274 | D:8      | Reached skill level 14 in Long Blades
  8368 | D:8      | You fall through a shaft for 2 floors!
  8368 | D:10     | Entered Level 10 of the Dungeon
  8608 | D:9      | Found a shattered altar of Ashenzari.
  8621 | D:9      | Noticed Psyche
  8627 | D:9      | Killed Psyche
  9062 | D:9      | Noticed a centaur warrior
  9082 | D:9      | Killed a centaur warrior
  9204 | D:9      | Reached skill level 15 in Long Blades
  9204 | D:9      | Reached XP level 11. HP: 85/95 MP: 9/9
  9419 | D:9      | Noticed Joseph
  9442 | D:9      | Killed Joseph
  9527 | D:9      | Noticed Erica
  9535 | D:9      | Killed Erica
  9594 | D:9      | Found a radiant altar of Vehumet.
  9710 | D:10     | Noticed Sonja
  9720 | D:10     | Killed Sonja
  9720 | D:10     | Received a gift from Trog
 11137 | D:11     | Reached skill level 16 in Long Blades
 11279 | D:11     | Found Siulev's Armour Boutique.
 11531 | D:11     | Found an oddly glowing altar of Pakellas.
 11593 | D:11     | Received a gift from Trog
 11607 | D:11     | Found a portal to a secret trove of treasure.
 11976 | D:11     | Reached skill level 10 in Fighting
 12829 | Lair:1   | Entered Level 1 of the Lair of Beasts
 12884 | Lair:1   | Reached XP level 12. HP: 71/106 MP: 10/10
 13707 | Lair:1   | Reached skill level 17 in Long Blades
 14283 | Lair:1   | Received a gift from Trog
 14652 | Lair:1   | Noticed a queen ant
 14695 | Lair:1   | Killed a queen ant
 15058 | Lair:2   | Noticed a seven-headed hydra
 15095 | Lair:2   | Reached skill level 1 in Shields
 15135 | Lair:2   | Reached skill level 5 in Dodging
 15356 | Lair:2   | Noticed a six-headed hydra
 15399 | Lair:2   | Killed a three-headed hydra
 15588 | Lair:2   | Killed a three-headed hydra
 16099 | Lair:2   | Reached XP level 13. HP: 21/116 MP: 11/11
 16860 | Lair:3   | Found a labyrinth entrance.
 16869 | Lab      | Entered a labyrinth
 17788 | Lab      | Noticed a minotaur
 17816 | Lab      | Killed a minotaur
 17829 | Lab      | Got a faintly glowing ivory ring
 17836 | Lab      | Received a gift from Trog
 17847 | Lab      | Identified the cursed ring of Ricsyret {*Contam rPois Str-2 Dex+4 Stlth+} (You found it in a labyrinth)
 17868 | Lair:3   | Gained mutation: You are frail (-10% HP). [potion of mutation]
 17868 | Lair:3   | Lost mutation: Your magical capacity is low (-10% MP). [potion of mutation]
 17923 | Lair:3   | Noticed Snorg
 18054 | Lair:3   | Killed Snorg
 18396 | Lair:3   | Noticed Gastronok
 18415 | Lair:3   | Killed Gastronok
 18784 | Lair:3   | Gained mutation: You are resistant to electric shocks. [evolution]
 19115 | Lair:4   | Noticed Urug
 19124 | Lair:4   | Killed Urug
 19329 | Lair:4   | Received a gift from Trog
 20099 | Lair:5   | Reached skill level 18 in Long Blades
 20226 | Lair:5   | Reached ****** piety under Trog
 20766 | Lair:5   | Noticed kak's ghost (journeyman TrMo)
 20802 | Lair:5   | Killed kak's ghost
 21132 | Lair:5   | Got a pitted buckler
 21140 | Lair:5   | Identified the +3 buckler "Teafapn" {*Corrode MR+ Int+4} (You found it on level 5 of the Lair of Beasts)
 21194 | Lair:5   | Received a gift from Trog
 21194 | Lair:5   | Reached XP level 14. HP: 96/113 MP: 14/14
 21445 | Lair:5   | Reached skill level 10 in Dodging
 21565 | Lair:6   | Found a staircase to the Shoals.
 21693 | Lair:6   | Found a glowing silver altar of Zin.
 22336 | Lair:6   | Received a gift from Trog
 22677 | Lair:6   | Found a staircase to the Snake Pit.
 23075 | Lair:7   | Found a runed door.
 23075 | Lair:7   | Found a viscous altar of Jiyva.
 23075 | Lair:7   | Noticed an acid blob
 23123 | Lair:7   | Found a staircase to the Slime Pits.
 23135 | Lair:7   | Killed an acid blob
 24507 | Lair:7   | Received a gift from Trog
 24750 | Lair:8   | Entered Level 8 of the Lair of Beasts
 25651 | Lair:8   | Reached skill level 19 in Long Blades
 25715 | Lair:8   | Reached XP level 15. HP: 109/120 MP: 8/15
 25817 | Lair:8   | Received a gift from Trog
 27686 | D:12     | Gained mutation: Your magical capacity is low (-10% MP). [mutagenic meat]
 27687 | D:12     | Gained mutation: Potions and wands are less effective at restoring your health. [mutagenic meat]
 27688 | D:12     | Gained mutation: You tend to lose your temper in combat. [mutagenic meat]
 27841 | D:12     | Lost mutation: Your magical capacity is low (-10% MP). [evolution]
 28142 | D:12     | Received a gift from Trog
 28349 | D:12     | Found a staircase to the Orcish Mines.
 28987 | Orc:1    | Entered Level 1 of the Orcish Mines
 29675 | Orc:2    | Entered Level 2 of the Orcish Mines
 29826 | Orc:1    | Noticed Fannar
 29844 | Orc:1    | Killed Fannar
 30153 | Orc:2    | Received a gift from Trog
 30500 | Orc:2    | Found a roughly hewn altar of Beogh.
 30525 | Orc:2    | Found Xauf's General Store.
 30545 | Orc:2    | Identified a scroll of acquirement
 30568 | Orc:2    | Found Xomued's Armour Shoppe.
 30612 | Orc:2    | Bought the +3 warlock's mirror {reflect} for 456 gold pieces
 31164 | Orc:2    | Noticed an orc warlord
 31194 | Orc:2    | Killed an orc warlord
 31234 | Orc:2    | Received a gift from Trog
 31241 | Orc:2    | Got a polished triple sword {god gift}
 31256 | Orc:2    | Identified the +10 triple sword of Valiance {flame, rN+ Int-3 Dex+2} (Trog gifted it to you on level 2 of the Orcish Mines)
 31385 | Orc:2    | Gained mutation: You have sharp fingernails. [potion of mutation]
 31385 | Orc:2    | Gained mutation: You are agile. (Dex +2) [potion of mutation]
 31385 | Orc:2    | Gained mutation: Your magical capacity is low (-10% MP). [potion of mutation]
 31665 | Orc:2    | Found a staircase to the Elven Halls.
 31882 | Orc:2    | Found Rulunocu's Distillery.
 31953 | Orc:2    | Found a roughly hewn altar of Beogh.
 32080 | Orc:2    | Lost mutation: You tend to lose your temper in combat. [evolution]
 32114 | Orc:2    | Found Wibbeim's Antique Armour Shop.
 32334 | D:13     | Received a gift from Trog
 32652 | D:13     | Received a gift from Trog
 32862 | D:13     | Found Busaet's Antique Armour Shoppe.
 33019 | D:13     | Noticed a sphinx
 33027 | D:13     | Noticed a tengu reaver
 33027 | D:13     | Noticed a tengu reaver
 33031 | D:13     | Killed a sphinx
 33089 | D:13     | Noticed a shadow dragon
 33103 | D:12     | Killed a tengu reaver
 33103 | D:12     | Reached XP level 16. HP: 124/130 MP: 4/14
 33111 | D:12     | Killed a tengu reaver
 33256 | D:13     | Killed a shadow dragon
 33487 | D:14     | Found a gate to the Vaults.
 34199 | D:15     | Entered Level 15 of the Dungeon
 34431 | D:15     | Reached skill level 20 in Long Blades
 34534 | D:15     | Noticed Nessos
 34863 | D:15     | Received a gift from Trog
 34981 | D:15     | Killed Nessos
 35169 | D:15     | Found a staircase to the Depths.
 35736 | Shoals:1 | Entered Level 1 of the Shoals
 35811 | Snake:1  | Entered Level 1 of the Snake Pit
 36132 | Snake:1  | Reached skill level 15 in Dodging
 36167 | Lair:6   | Collided with a black mamba

Vault maps used:
D:1:      dpeg_arrival_boxorama, nrook_mini_vaults
D:2:      nicolae_tso_swordbearing_angel, overflow_temple_1_default,
          uniq_natasha
D:3:      lemuel_round_altar, kennysheep_slug_shrine, ecumenical_altar_2,
          hex_large
D:4:      grunt_temple_overflow_opulence, elyvilon_altar_4
D:5:      kennysheep_six_static_rooms, nicolae_overflow_hidden_temple,
          kennysheep_mini, first_bread, zaba_anthole, minmay_misc_feat_columns,
          uniq_eustachio
D:6:      bloody_trog, serial_shops, shop, uniq_edmund
D:7:      minmay_temple_entry_statues_fountains, kennysheep_generic_room_7
D:8:      boulder_corridor_run
D:9:      fiery_altar_vehumet, evilmike_ruin_ashenzari, uniq_psyche,
          uniq_joseph, uniq_erica
D:10:     grunt_tengu_nest, uniq_sonja
D:11:     serial_shops, nicolae_shop_stone, enter_trove_2, grunt_pakellas_sulfur
D:12:     zombieorc2_lemuel
D:13:     minmay_connected_triangles_in_corner, serial_shops,
          nicolae_shop_behind_doors
D:14:     erik_vaults_1
D:15:     hangedman_depths_entry_try_elsewhere_first, uniq_nessos
Temple:   cyrus_temple_forest_13
Lair:1:   serial_bayou_ford_a, zaba_antful_of_joy, grunt_megastairs_5
Lair:2:   beast_lair_carwin_large_3, infiniplex_staircase_pool_2,
          grunt_megastairs_3
Lair:3:   kennysheep_rathole, lab_entry_generic, grunt_forest_stairs_basic,
          eino_house_with_fridge, grunt_megastairs_1, uniq_snorg, uniq_gastronok
Lair:4:   uniq_urug
Lair:5:   special_room, serial_bayou_pond_e, minmay_hedge_maze,
          eino_small_chamber_without_monster, lemuel_fruit_tree
Lair:6:   elwin_shoals_entry_rocks, minmay_snake_entry_six_corridors,
          basic_altar, roderic_carrion_pond
Lair:7:   slime_altar_2, serial_bayou_crossing, serial_bayou_shore_b
Lair:8:   minmay_lair_end_frog_pond, minmay_lair_oklob_bushes
Orc:1:    nicolae_orc_tapped_out, uniq_fannar
Orc:2:    pubby_orc_utopia
Lab:      labyrinth_spiral

Skill      XL: |  1  2  3  4  5  6  7  8  9 10 11 12 13 14 15 16 |
---------------+-------------------------------------------------+-----
Long Blades    | 4 5 6 8 9 11 13 15 16 17 18 19 20 | 20.2
Fighting       | 4 6 8 10 11 12 13 14 | 14.5
Dodging        | 6 9 12 13 15 | 15.0
Shields        | 2 4 |  4.5

Action                   |  1- 3 |  4- 6 |  7- 9 | 10-12 | 13-15 | 16-18 || total
-------------------------+-------+-------+-------+-------+-------+-------++-------
Melee: Falchion          |    98 |   153 |   291 |       |       |       ||   542
       Tailslap          |     8 |    17 |    60 |   131 |   348 |    53 ||   617
       Dagger            |    21 |    20 |       |       |       |       ||    41
       Scimitar          |       |       |   144 |   780 |   789 |       ||  1713
       Great sword       |       |       |       |   156 |  1091 |       ||  1247
       Triple sword      |       |       |       |       |   124 |       ||   124
       Double sword      |       |       |       |       |    63 |   339 ||   402
Throw: Tomahawk          |       |       |     2 |       |     6 |       ||     8
Invok: Berserk           |     1 |     6 |     8 |    28 |    35 |     7 ||    85
       Trog's Hand       |       |     1 |       |       |     1 |       ||     2
       Burn Spellbooks   |       |     1 |       |       |     5 |       ||     6
       Brothers in Arms  |       |       |     1 |     1 |     5 |       ||     7
 Abil: Breathe Sticky Fl |       |       |     6 |     1 |     2 |       ||     9
Evoke: Wand              |       |       |       |     1 |       |       ||     1
  Use: Scroll            |       |     3 |     7 |     1 |    24 |     4 ||    39
       Potion            |       |       |       |       |     2 |       ||     2
 Stab: Sleeping          |       |       |       |     2 |    12 |     1 ||    15
       Paralysed         |       |       |       |     2 |       |       ||     2
       Distracted        |       |       |       |       |     6 |     2 ||     8
  Eat: Chunk             |     1 |    10 |    22 |    64 |    92 |    16 ||   205
       Fruit             |       |     3 |       |     1 |     2 |       ||     6
       Bread ration      |       |       |       |     1 |       |       ||     1
       Beef jerky        |       |       |       |     1 |     2 |     1 ||     4
       Royal jelly       |       |       |       |       |     2 |       ||     2
       Pizza             |       |       |       |       |     3 |       ||     3
Armor: Skin              |    41 |    40 |    86 |   188 |   254 |    45 ||   654
Dodge: Dodged            |    73 |    96 |   200 |   387 |  1290 |   299 ||  2345
Block: Buckler           |       |       |       |    52 |   159 |   131 ||   342
       Reflection        |       |       |       |       |     4 |    14 ||    18
